 Dungeon Crawl Stone Soup version 0.20.0-10-g0535bb4 (webtiles) character file.

126347 Minion the Earth Mage (level 16, -7/147 HPs)
             Began as a Grey Draconian Earth Elementalist on June 3, 2017.
             Was the Champion of Vehumet.
             Mangled by a merfolk aquamancer
             ... wielding a +3 rapier of electrocution
              (18 damage)
             ... on level 1 of the Shoals on June 4, 2017.
             The game lasted 02:50:02 (41990 turns).

Minion the Earth Mage (DrEE)                       Turns: 41990, Time: 02:50:04

Health: -7/147     AC: 17    Str: 14    XL:     16   Next: 43%
Magic:  2/34       EV: 17    Int: 22    God:    Vehumet [******]
Gold:   2389       SH: 10    Dex:  7    Spells: 14/43 levels left

rFire    + + .     SeeInvis .   v - staff of energy
rCold    . . .     Gourm    .   Z - +0 shield
rNeg     . . .     Faith    +   (armour unavailable)
rPois    +         Spirit   .   (helmet restricted)
rElec    .         Reflect  .   L - +0 cloak
rCorr    .         Harm     .   z - +0 pair of gloves
MR       ++...                  W - +0 pair of boots
Stlth    ++........             s - amulet of faith
Regen    0.4/turn               P - ring of Life {Wiz rPois Str+3 Dex-5}
MPRegen  0.3/turn               Y - ring of the Madman {*Drain rF++ MR+ EV+2 Stlth+}

@: engulfed, studying Charms
A: walk through water, unfitting armour, unbreathing, cold-blooded, AC +14
a: Renounce Religion


You were on level 1 of the Shoals.
You worshipped Vehumet.
Vehumet was exalted by your worship.
You were hungry.

You visited 5 branches of the dungeon, and saw 26 of its levels.

You collected 2389 gold pieces.

Inventory:

Missiles
 w - 200 stones (quivered)
Armour
 g - a +0 large shield
 z - a +0 pair of gloves (worn)
 L - a +0 cloak (worn)
 W - a +0 pair of boots (worn)
 Z - a +0 shield (worn)
Magical Staves
 v - an uncursed staff of energy (weapon)
 I - an uncursed staff of conjuration
 K - an uncursed staff of earth
Jewellery
 b - the amulet of Mypot {RegenMP rElec MR+ Dex-2, unknown}
   (You took it off a centaur warrior on level 14 of the Dungeon)

   [amulet of magic regeneration]

   It increases your magic regeneration.
   It affects your dexterity (-2).
   It insulates you from electricity.
   It affects your resistance to hostile enchantments.
 s - an amulet of faith (around neck)
 t - a +4 amulet of reflection {unknown}
 B - the ring "Waujorgh" {rElec rPois rF+ SInv Stlth-}
   (You found it on level 13 of the Dungeon)

   [ring of loudness]

   It protects you from fire.
   It insulates you from electricity.
   It protects you from poison.
   It lets you see invisible.
   It makes you less stealthy.
 M - a cursed amulet of inaccuracy {unknown}
 P - the ring of Life (left hand) {Wiz rPois Str+3 Dex-5}
   (You found it on level 14 of the Dungeon)

   [ring of wizardry]

   It improves your spell success rate.
   It affects your strength (+3).
   It affects your dexterity (-5).
   It protects you from poison.
 Y - the ring of the Madman (right hand) {*Drain rF++ MR+ EV+2 Stlth+}
   (You took it off a centaur warrior on level 14 of the Dungeon)

   [ring of evasion]

   It affects your evasion (+2).
   It greatly protects you from fire.
   It affects your resistance to hostile enchantments.
   It causes draining when unequipped.
   It makes you more stealthy.
Wands
 f - a wand of digging (8/24)
 l - a wand of digging (13/24)
Scrolls
 h - a scroll of identify
 i - 7 scrolls of magic mapping
 k - 2 scrolls of blinking
 q - 2 scrolls of fear
 r - 4 scrolls of amnesia
 u - 5 scrolls of teleportation
 x - 10 scrolls of remove curse
 y - 3 scrolls of silence
 A - a scroll of enchant armour
 D - 2 scrolls of brand weapon
 H - 4 scrolls of fog
 Q - 3 scrolls of recharging
Potions
 a - 2 potions of resistance
 e - 6 potions of curing
 j - 2 potions of agility
 m - 2 potions of brilliance
 n - 4 potions of haste
 o - a potion of ambrosia
 C - 3 potions of flight
 E - 2 potions of might
 G - 5 potions of mutation
 J - 2 potions of magic
 N - 2 potions of berserk rage
 O - a potion of lignification
 U - 2 potions of cancellation
Books
 d - a book of Geomancy

   Spells                             Type                      Level
   a - Sandblast                      Earth                        1
   b - Passwall                       Transmutation/Earth          2
   c - Stone Arrow                    Conjuration/Earth            3
   d - Petrify                        Transmutation/Earth          4
   e - Lee's Rapid Deconstruction     Earth                        5
 R - a manual of Charms
 S - a book of Ice

   Spells                             Type                      Level
   a - Ice Form                       Ice/Transmutation            4
   b - Metabolic Englaciation         Hexes/Ice                    5
   c - Ozocubu's Refrigeration        Ice                          6
   d - Bolt of Cold                   Conjuration/Ice              6
   e - Freezing Cloud                 Conjuration/Ice/Air          6
   f - Simulacrum                     Ice/Necromancy               6
Miscellaneous
 F - a crystal ball of energy
Comestibles
 c - 7 bread rations
 p - 4 meat rations
 T - 2 fruits


   Skills:
 + Level 14.5 Fighting
 + Level 10.8 Dodging
 - Level 1.7 Stealth
 + Level 9.4 Shields
 + Level 14.4 Spellcasting
 - Level 1.0 Transmutations
 + Level 18.3 Earth Magic


You had 14 spell levels left.
You knew the following spells:

 Your Spells              Type           Power        Failure   Level  Hunger
a - Sandblast             Erth           ######       0%          1    None
b - Passwall              Tmut/Erth      ######....   1%          2    None
c - Stone Arrow           Conj/Erth      ######       1%          3    None
d - Petrify               Tmut/Erth      ######..     1%          4    None
e - Lee's Rapid Deconstr  Erth           #######...   1%          5    None
f - Iron Shot             Conj/Erth      ######....   3%          6    None
g - Lehudib's Crystal Sp  Conj/Erth      ######....   69%         8    None


Dungeon Overview and Level Annotations

Branches:
Dungeon (15/15)            Temple (1/1) D:4            Lair (6/6) D:9
 Shoals (2/4) Lair:4       Spider (0/4) Lair:4        Slime (0/5) Lair:5
    Orc (2/2) D:9             Elf (0/3) Orc:2        Vaults (0/5) D:14
 Depths (0/5) D:15

Altars:
Ashenzari
Cheibriados
Dithmenos
Elyvilon
Fedhas
Gozag
Hepliaklqana
Kikubaaqudgha
Makhleb
Nemelex Xobeh
Okawaru
Qazlal
Ru
Sif Muna
Trog
Uskayaw
Vehumet
Xom
Yredelemnul
Zin
The Shining One
Jiyva

Shops:
D:10 [   D:15 :

Annotations:
Lair:3 exclusion: 3 oklob plants
Orc:2 Saint Roka


Innate Abilities, Weirdness & Mutations

You can walk through water.
Your dull iron-grey scales are very hard. (AC +14)
You cannot fit into any form of body armour.
You can survive without breathing.
You are cold-blooded and may be slowed by cold attacks.


Message History

w - 201 stones
Casting: Sandblast
Confirm with . or Enter, or press ? or * to list all spells.
Aiming: Sandblast
Press: ? - help, Shift-Dir - straight line, f/p - merfolk aquamancer
Aim: a merfolk aquamancer, wielding a rapier of electrocution and wearing a robe (moderately wounded)
The blast of sand hits the merfolk aquamancer.
The merfolk aquamancer is severely wounded.
w - 200 stones The merfolk aquamancer points at you and mumbles some strange words.
The shard of ice hits you!
* * * LOW HITPOINT WARNING * * *
You hit the water elemental but do no damage.
The water elemental hits you!
* * * LOW HITPOINT WARNING * * *
The water elemental engulfs you in water!
The merfolk aquamancer hits you with a rapier of electrocution!
* * * LOW HITPOINT WARNING * * *
You are electrocuted!
You die...

≈≈≈≈.# #.≈≈.≈≈≈≈≈.# #.≈≈≈≈≈≈..
≈≈≈≈.# #.≈≈≈≈≈≈...## ##.≈≈≈≈≈≈..
≈≈≈.## ##.≈≈≈≈≈≈≈≈..###.≈≈≈≈≈≈≈..
≈≈≈.####..≈≈≈≈≈≈≈≈≈.....≈≈≈≈≈.≈..
≈≈≈≈..##..≈≈≈.≈≈≈≈≈...≈≈≈≈..≈≈...
........≈.≈≈≈≈.≈≈≈≈...≈.....≈≈...
≈...≈≈......≈≈≈≈.≈≈...≈k..).≈....
≈............≈≈.≈....≈≈≈≈...≈##..
......##.....≈≈.@.##.≈≈≈≈....###.
.....###....≈≈.Em###.≈≈≈.##..≈(.≈
....≈≈..≈..≈≈≈>.)##.≈≈≈≈≈..)≈≈≈≈≈
≈).≈≈≈..........###≈≈≈≈..≈≈≈≈.≈≈≈
≈.....≈.......≈....≈≈≈≈.≈≈.≈≈.≈≈≈
...........[≈≈≈≈≈≈≈≈≈≈≈≈≈≈≈≈≈≈≈≈≈
≈........≈≈≈≈≈≈.≈≈≈≈≈≈≈≈≈≈≈≈≈≈≈≈≈
.........≈≈≈≈≈≈≈≈≈≈≈≈≈≈≈≈≈≈≈≈≈≈≈≈
.#....≈≈≈≈≈≈≈≈≈.≈≈≈.≈≈≈≈≈≈≈≈≈≈≈≈≈


You could see a merfolk aquamancer, a wind drake (wandering) and a water
elemental.

Vanquished Creatures
  A dire elephant (Lair:3)
  Snorg (Orc:2)
  A fire dragon (Lair:6)
  Josephine (Lair:4)
  2 ogre magi (D:15)
  Erolcha (D:11)
  A vault guard (D:14)
  11 hydras
  2 catoblepae
  Harold (D:14)
  6 centaur warriors
  A merfolk avatar (Shoals:1)
  12 two-headed ogres
  Erica (D:13)
  A merfolk aquamancer (Shoals:1)
  6 death yaks
  A deep troll earth mage (D:14)
  An orc high priest (Orc:2)
  7 sea snakes
  2 unseen horrors
  2 flayed ghosts (D:14)
  2 wizards
  A swamp dragon (Lair:6)
  A lindwurm (Lair:3)
  An orc knight (D:15)
  9 harpies (Shoals:1)
  4 fauns (Shoals:1)
  2 orc sorcerers (Orc:2)
  12 ugly things
  4 manticores
  An orb spider (shapeshifter) (D:14)
  6 deep elf magi (D:15)
  3 wolf spiders
  5 cyclopes
  22 elephants
  5 centaur zombies
  A guardian serpent (Lair:6)
  6 black mambas
  A naga mage (D:15)
  A merfolk siren (Shoals:1)
  A water nymph (Shoals:1)
  A torpor snail (shapeshifter) (D:15)
  16 spiny frogs
  A centaur skeleton (D:13)
  A gargoyle (D:15)
  2 efreet
  2 kobold demonologists
  5 rime drakes
  16 komodo dragons
  A freezing wraith (D:14)
  5 merfolk (Shoals:1)
  6 trolls
  2 polar bears
  A queen bee (D:12)
  Grinder (D:3)
  4 hornets
  8 blink frogs
  10 dream sheep
  9 slime creatures
  13 hippogriffs
  4 redbacks
  2 shadows (D:15)
  A centaur simulacrum (D:14)
  2 vampires
  6 wraiths
  8 water elementals
  9 wyverns
  24 yaks
  7 basilisks
  Grum (D:9)
  5 hungry ghosts
  2 vampire mosquitoes (D:15)
  A steam dragon (Lair:6)
  Menkaure (D:6)
  A warg (shapeshifter) (D:14)
  Edmund (D:6)
  2 two-headed ogre zombies (D:9)
  3 soldier ants
  5 acid dragons
  22 water moccasins
  A warg (Orc:1)
  8 porcupines
  4 ice beasts
  4 black bears
  A hornet zombie (D:9)
  2 swamp drakes (Lair:6)
  2 sky beasts
  20 orc warriors
  An eye of draining (D:13)
  12 ogres
  2 phantoms
  20 centaurs
  17 wolves
  A boggart (D:14)
  18 crocodiles
  2 big kobolds
  13 bullfrogs
  A gnoll sergeant (D:7)
  A wyvern zombie (D:9)
  6 scorpions
  The ghost of Kriby the Chopper, a weakling HOFi (D:4)
  2 troll zombies (D:9)
  22 killer bees
  A vampire bat (D:3)
  12 wights
  10 howler monkeys
  An electric eel (Lair:6)
  5 crimson imps
  A bullfrog zombie (D:5)
  2 jellies
  3 hounds
  21 orc wizards
  22 orc priests
  A gnoll shaman (D:9)
  Ijyb (D:3)
  Jessica (D:3)
  6 iguanas
  8 worker ants
  6 hell rats (Lair:3)
  2 killer bee zombies
  4 ogre zombies (D:9)
  3 hound zombies
  A worker ant zombie (D:10)
  Robin (D:3)
  2 howler monkey skeletons
  11 gnolls
  4 adders
  A shadow imp (D:5)
  12 white imps (D:14)
  An ooze (D:3)
  An adder zombie (D:7)
  A worm (D:4)
  A dart slug (D:1)
  9 leopard geckos
  76 orcs
  6 bats
  4 bat skeletons (D:3)
  2 bat zombies (D:3)
  4 giant cockroaches
  19 goblins
  7 hobgoblins
  7 jackals
  8 quokkas
  A ball python (D:5)
  4 frilled lizards
  A giant cockroach zombie (D:6)
  2 goblin skeletons (D:9)
  5 goblin zombies (D:9)
  2 hobgoblin skeletons (D:9)
  3 hobgoblin zombies (D:9)
  7 kobolds
  A leopard gecko skeleton (D:5)
  3 orc skeletons (D:9)
  10 orc zombies (D:9)
  3 rats
  2 fungi (Lair:6)
854 creatures vanquished.

Vanquished Creatures (collateral kills)
  Louise (D:14)
1 creature vanquished.

Vanquished Creatures (others)
  A quokka (D:8)
  A bush (Lair:5)
  29 fungi
  36 plants
  7 toadstools (Lair:3)
74 creatures vanquished.

Grand Total: 929 creatures vanquished

Notes
Turn   | Place    | Note
-------+----------+-------------------------------------------
     0 | D:1      | Minion the Draconian Earth Elementalist began the quest for the Orb.
     0 | D:1      | Reached XP level 1. HP: 14/14 MP: 3/3
   328 | D:1      | Reached XP level 2. HP: 20/20 MP: 3/5
   780 | D:2      | Found a shadowy altar of Dithmenos.
   826 | D:2      | Reached XP level 3. HP: 26/26 MP: 2/7
   883 | D:2      | Learned a level 2 spell: Passwall
   887 | D:2      | Learned a level 3 spell: Stone Arrow
  1674 | D:3      | Reached skill level 4 in Earth Magic
  1674 | D:3      | Reached XP level 4. HP: 19/33 MP: 0/8
  2187 | D:3      | Noticed Jessica
  2194 | D:3      | Killed Jessica
  2194 | D:3      | Reached XP level 5. HP: 32/38 MP: 3/10
  2203 | D:3      | Noticed Ijyb
  2211 | D:3      | Killed Ijyb
  2275 | D:3      | Noticed Grinder
  2278 | D:3      | Paralysed by Grinder for 3 turns
  2295 | D:3      | Killed Grinder
  2295 | D:3      | Reached skill level 5 in Earth Magic
  2295 | D:3      | Reached XP level 6. HP: 35/45 MP: 3/12
  2499 | D:3      | Noticed Robin
  2934 | D:3      | Killed Robin
  3040 | D:3      | Learned a level 4 spell: Petrify
  3040 | D:3      | Found an ancient bone altar of Kikubaaqudgha.
  3204 | D:4      | Reached skill level 6 in Earth Magic
  3231 | D:4      | Reached skill level 5 in Spellcasting
  3263 | D:4      | Found a staircase to the Ecumenical Temple.
  3277 | D:4      | Noticed Kriby's ghost (weakling HOFi)
  3295 | Temple   | Entered the Ecumenical Temple
  3892 | D:4      | Learned a level 5 spell: Lee's Rapid Deconstruction
  4207 | D:4      | Your scales start taking on a dull iron-grey colour.
  4207 | D:4      | Reached skill level 7 in Earth Magic
  4207 | D:4      | Reached XP level 7. HP: 34/50 MP: 5/14
  4207 | D:4      | Gained mutation: You can survive without breathing. [Grey Draconian growth]
  4362 | D:4      | Killed Kriby's ghost
  5159 | D:5      | Entered Level 5 of the Dungeon
  5201 | D:5      | Reached skill level 8 in Earth Magic
  5442 | D:5      | Found an opulent altar of Gozag.
  5474 | D:5      | Found a radiant altar of Vehumet.
  5480 | D:5      | Became a worshipper of Vehumet
  5510 | D:5      | You fall through a shaft for 3 floors!
  5995 | D:5      | Reached XP level 8. HP: 57/57 MP: 14/17
  6047 | D:5      | Reached skill level 9 in Earth Magic
  6233 | D:5      | Found a sacrificial altar of Ru.
  6256 | D:5      | Found a stormy altar of Qazlal.
  6482 | D:5      | Reached * piety under Vehumet
  6482 | D:5      | Offered knowledge of Sting by Vehumet.
  6647 | D:6      | Noticed Menkaure
  6655 | D:6      | Killed Menkaure
  6655 | D:6      | Reached skill level 10 in Earth Magic
  7050 | D:6      | Noticed Edmund
  7058 | D:6      | Reached skill level 1 in Fighting
  7809 | D:7      | Reached XP level 9. HP: 57/67 MP: 10/20
  8046 | D:6      | Killed Edmund
  8750 | D:7      | Reached ** piety under Vehumet
  8750 | D:7      | Offered knowledge of Throw Frost by Vehumet.
  8844 | D:7      | Reached skill level 11 in Earth Magic
  9124 | D:8      | Found a deep blue altar of Sif Muna.
  9254 | D:8      | Found a white marble altar of Elyvilon.
  9815 | D:8      | Noticed a cyclops
  9841 | D:9      | Offered knowledge of Ignite Poison by Vehumet.
  9842 | D:9      | Reached skill level 5 in Fighting
 10039 | D:9      | Reached *** piety under Vehumet
 10155 | D:9      | Found a staircase to the Lair.
 10157 | D:9      | Noticed an unseen horror
 10163 | D:9      | Killed an unseen horror
 10163 | D:9      | Reached XP level 10. HP: 83/83 MP: 3/23
 10524 | D:9      | Noticed a two-headed ogre
 10716 | D:9      | Offered knowledge of Sticky Flame by Vehumet.
 10721 | D:9      | Reached skill level 12 in Earth Magic
 10798 | D:8      | Killed a cyclops
 10898 | D:9      | Noticed a two-headed ogre
 10903 | D:9      | Killed a two-headed ogre
 11003 | D:8      | Reached **** piety under Vehumet
 11089 | D:9      | Offered knowledge of Olgreb's Toxic Radiance by Vehumet.
 11140 | D:9      | Noticed Grum
 11340 | D:9      | Killed Grum
 11620 | D:9      | Found a staircase to the Orcish Mines.
 11861 | D:9      | Killed a two-headed ogre
 11861 | D:9      | Reached skill level 10 in Spellcasting
 11861 | D:9      | Reached skill level 13 in Earth Magic
 11981 | D:9      | Found a burning altar of Makhleb.
 11981 | D:9      | Found a hide-covered altar of Uskayaw.
 12084 | D:10     | Entered Level 10 of the Dungeon
 12352 | D:10     | Reached XP level 11. HP: 94/94 MP: 16/25
 12468 | D:10     | Found Zeichina's Antique Armour Shoppe.
 12897 | D:10     | Reached ***** piety under Vehumet
 12899 | D:10     | Offered knowledge of Irradiate by Vehumet.
 13022 | D:10     | Noticed an unseen horror
 13027 | D:10     | Killed an unseen horror
 13390 | Lair:1   | Entered Level 1 of the Lair of Beasts
 13604 | Lair:1   | Noticed a seven-headed hydra
 13610 | Lair:1   | Killed a seven-headed hydra
 14700 | Lair:2   | Noticed a five-headed hydra
 14710 | Lair:2   | Killed a five-headed hydra
 15099 | Lair:2   | Reached skill level 14 in Earth Magic
 15859 | Lair:3   | Noticed an oklob plant
 15860 | Lair:3   | Noticed an oklob plant
 15861 | Lair:3   | Got a translucent quarterstaff
 15915 | Lair:3   | Reached skill level 10 in Fighting
 15915 | Lair:3   | Reached XP level 12. HP: 105/106 MP: 15/27
 15919 | Lair:3   | Noticed a catoblepas
 15926 | Lair:3   | Killed a catoblepas
 16739 | Lair:3   | Noticed an eight-headed hydra
 16750 | Lair:3   | Killed an eight-headed hydra
 17006 | Lair:3   | Found a runed door.
 17512 | Lair:3   | Reached skill level 5 in Dodging
 17631 | Lair:3   | Noticed a dire elephant
 17769 | Lair:3   | Killed a dire elephant
 18389 | Lair:4   | Found a staircase to the Shoals.
 18626 | Lair:4   | Reached skill level 15 in Earth Magic
 18810 | Lair:4   | Offered knowledge of Freezing Cloud by Vehumet.
 18901 | Lair:4   | Found a hole to the Spider Nest.
 19448 | Lair:5   | Noticed a seven-headed hydra
 19453 | Lair:5   | Killed a seven-headed hydra
 19589 | Lair:5   | Noticed a death yak
 19684 | Lair:5   | Reached XP level 13. HP: 116/116 MP: 6/29
 20201 | Lair:5   | Found a viscous altar of Jiyva.
 20206 | Lair:5   | Found a staircase to the Slime Pits.
 20522 | Lair:5   | Reached skill level 1 in Shields
 21501 | D:11     | Noticed Erolcha
 21549 | D:11     | Killed Erolcha
 23227 | D:12     | Offered knowledge of Bolt of Draining by Vehumet.
 24571 | D:13     | Reached skill level 16 in Earth Magic
 24576 | D:13     | Got a shimmering wooden ring
 24579 | D:13     | Identified the ring "Waujorgh" {rElec rPois rF+ SInv Stlth-} (You found it on level 13 of the Dungeon)
 25515 | Lair:6   | Entered Level 6 of the Lair of Beasts
 26149 | Lair:5   | Reached XP level 14. HP: 123/127 MP: 19/30
 26546 | Lair:6   | Offered knowledge of Ozocubu's Refrigeration by Vehumet.
 26598 | Lair:6   | Reached skill level 5 in Shields
 29951 | Lair:6   | Offered knowledge of Conjure Ball Lightning by Vehumet.
 31254 | D:14     | Reached skill level 17 in Earth Magic
 31526 | D:14     | Noticed Louise
 31527 | D:14     | Noticed Erica
 31540 | D:13     | Killed Erica
 31540 | D:13     | Reached XP level 15. HP: 101/136 MP: 6/32
 32148 | D:14     | Noticed Harold
 32153 | D:14     | Killed Harold
 32243 | D:14     | Killed Louise
 32713 | D:14     | Found a blossoming altar of Fedhas.
 32810 | D:14     | Got a fine glass ring
 32812 | D:14     | Got a heavily runed copper ring
 32858 | D:14     | Identified the ring of the Madman {*Drain rF++ MR+ EV+2 Stlth+} (You took it off a centaur warrior on level 14 of the Dungeon)
 32859 | D:14     | Identified the ring of Koroum {*Tele *Slow MR+++ SInv Stlth-} (You took it off a centaur on level 14 of the Dungeon)
 32957 | D:14     | Got a crude iron ring
 32965 | D:14     | Got a steaming arbalest
 33058 | D:14     | Offered knowledge of Poison Arrow by Vehumet.
 33146 | D:14     | Identified the ring of Life {Wiz rPois Str+3 Dex-5} (You found it on level 14 of the Dungeon)
 33442 | D:14     | Got a clouded silver amulet
 33936 | D:14     | Found a gate to the Vaults.
 34312 | D:15     | Entered Level 15 of the Dungeon
 34713 | D:15     | Found a shattered altar of Ashenzari.
 35142 | D:15     | Found Caku Ett's Book Boutique.
 35415 | D:15     | Reached ****** piety under Vehumet
 35748 | D:15     | Reached skill level 10 in Dodging
 35788 | D:15     | Found a staircase to the Depths.
 36479 | Orc:1    | Entered Level 1 of the Orcish Mines
 37104 | Orc:2    | Entered Level 2 of the Orcish Mines
 37211 | Orc:2    | Noticed Snorg
 37222 | Orc:2    | Killed Snorg
 37406 | Orc:2    | Found a staircase to the Elven Halls.
 37510 | Orc:2    | Offered knowledge of Iron Shot by Vehumet.
 37533 | Orc:2    | Reached XP level 16. HP: 138/146 MP: 1/34
 37545 | Orc:2    | Learned a level 6 spell: Iron Shot
 37899 | Orc:2    | Noticed Saint Roka
 38696 | Shoals:1 | Entered Level 1 of the Shoals
 38710 | Shoals:1 | Reached skill level 18 in Earth Magic
 39000 | Shoals:1 | Noticed Josephine
 40045 | Lair:4   | Killed Josephine
 40285 | Shoals:1 | Offered knowledge of Lehudib's Crystal Spear by Vehumet.
 40285 | Shoals:1 | Offered knowledge of Fire Storm by Vehumet.
 40285 | Shoals:1 | Offered knowledge of Tornado by Vehumet.
 40371 | Lair:4   | Learned a level 8 spell: Lehudib's Crystal Spear
 41990 | Shoals:1 | Mangled by a merfolk aquamancer

Skill      XL: |  1  2  3  4  5  6  7  8  9 10 11 12 13 14 15 16 |
---------------+-------------------------------------------------+-----
Spellcasting   | 3 4 5 6 7 9 10 11 12 13 14 | 14.4
Earth Magic    | 4 5 7 8 10 11 13 14 15 16 17 18 | 18.3
Fighting       | 2 5 7 10 11 12 13 14 | 14.5
Dodging        | 3 6 7 9 10 | 10.8
Shields        | 4 7 8 9 |  9.4
Stealth        | |  1.7
Transmutations | |  1.0

Action                   |  1- 3 |  4- 6 |  7- 9 | 10-12 | 13-15 | 16-18 || total
-------------------------+-------+-------+-------+-------+-------+-------++-------
Melee: Unarmed           |    19 |       |       |       |       |       ||    19
       Tailslap          |     3 |     2 |    19 |    12 |     8 |       ||    44
       Rapier            |    10 |    82 |       |       |       |       ||    92
       Halberd           |       |       |   219 |    44 |       |       ||   263
       Staff             |       |       |       |    42 |    32 |    11 ||    85
 Cast: Sandblast         |    48 |    47 |    33 |    32 |   274 |    41 ||   475
       Stone Arrow       |     3 |    19 |   109 |   329 |   928 |   170 ||  1558
       Passwall          |     1 |       |       |       |       |       ||     1
       Petrify           |       |     1 |     3 |     3 |     5 |       ||    12
       Lee's Rapid Decon |       |       |    21 |    49 |    34 |     1 ||   105
       Iron Shot         |       |       |       |       |       |    54 ||    54
Evoke: Wand              |       |       |       |       |     1 |       ||     1
  Use: Scroll            |     6 |     1 |    12 |     1 |    21 |     2 ||    43
       Potion            |       |       |       |     1 |     4 |       ||     5
 Stab: Petrified         |       |     8 |     7 |       |       |       ||    15
       Sleeping          |       |       |     3 |       |       |       ||     3
  Eat: Chunk             |     3 |     6 |    13 |    16 |    40 |     3 ||    81
       Bread ration      |       |     1 |     2 |     5 |       |       ||     8
       Royal jelly       |       |       |     2 |     2 |     8 |     5 ||    17
Armor: Skin              |     7 |    51 |   152 |   128 |   169 |    49 ||   556
Dodge: Dodged            |    41 |    90 |   215 |   216 |   360 |   103 ||  1025
Block: Shield            |       |       |       |       |   164 |    41 ||   205
       Large shield      |       |       |       |       |   110 |    91 ||   201
